[Event "*** SCC Grand Prix: Titled Tuesday Blitz"]
[Site "Chess.com"]
[Date "2020.06.02"]
[Round "2"]
[White "sunofadawn"]
[Black "tsaruk_maks"]
[Result "1-0"]
[WhiteElo "2363"]
[BlackElo "2632"]
[TimeControl "180+1"]
[EndTime "10:16:01 PDT"]
[Termination "sunofadawn won by resignation"]

1. d4 Nf6 2. c4 e6 3. g3 d5 4. Bg2 dxc4 5. Nf3 c5 6. O-O Nc6 7.
Qa4 Bd7 8. Qxc4 b5 9. Qd3 c4 10. Qd1 Rc8 11. Bf4 Be7 12. Nbd2 O-O 13. e4 Qb6 14. Be3 Ng4 15. Qe2 Nxe3 16. fxe3 e5 17.
d5 Nb4 18. Nxe5 Be8 19. Ndf3 f6 20. Ng4 Bc5 21. e5 Nxd5 22. Nd4 Nxe3 23. Nxe3 Bxd4 24.
exf6 Bxe3+ 25. Kh1 Rxf6 26. Rxf6 gxf6 27. Qg4+ Bg6 28.
Qxc8+ Kg7 29. Qd7+ Kh6 30. Rd1 Bd3 31. Rxd3 cxd3 32. Be4 f5 33. Qxf5 Qg6 34. Qf8+ Qg7 35. Qd6+ Kh5 36. Bf3+ Kg5 37. h4+ Kf5 38. g4+ Qxg4 39.
Bxg4+ Kxg4 40. Qxd3 Bf4 41. Qxh7 1-0

[Event "*** SCC Grand Prix: Titled Tuesday Blitz"]
[Site "Chess.com"]
[Date "2020.06.02"]
[Round "2"]
[White "davidkalashian"]
[Black "vladislavkovalev"]
[Result "0-1"]
[WhiteElo "2553"]
[BlackElo "2872"]
[TimeControl "180+1"]
[EndTime "10:16:02 PDT"]
[Termination "vladislavkovalev won by checkmate"]

1. d4 Nf6 2. c4 g6 3. Nc3 Bg7 4. e4 d6 5. Be2 O-O 6. Bg5 c5 7.
d5 b5 8. cxb5 a6 9. a4 Qa5 10. Bd2 axb5 11. Bxb5 Ba6 12. Nge2 Bxb5 13. Nxb5 Qd8 14. Nec3 Na6 15. O-O Nb4 16. f3 Nd7 17.
Na2 Nd3 18. Nac3 c4 19. b3 cxb3 20. Qxb3 Qb6+ 21. Kh1 Nf2+ 22. Rxf2 Qxf2 23. Bg5 Rfc8 24. Bxe7 Bxc3 25. Nxc3 Qe3 26. Bxd6 Qxc3 27. Qd1 Qc2 28.
Qd4 Rxa4 29. Rxa4 Qxa4 30. Qxa4 Rc1+ 31. Qd1 Rxd1# 0-1

[Event "*** SCC Grand Prix: Titled Tuesday Blitz"]
[Site "Chess.com"]
[Date "2020.06.02"]
[Round "2"]
[White "Dedic8"]
[Black "elohunter1999"]
[Result "0-1"]
[WhiteElo "2710"]
[BlackElo "2507"]
[TimeControl "180+1"]
[EndTime "10:16:02 PDT"]
[Termination "elohunter1999 won by resignation"]

1. e4 e5 2. Nf3 Nc6 3. Bb5 a6 4.
Ba4 Nf6 5. O-O Be7 6. Re1 b5 7. Bb3 d6 8. c3 O-O 9. h3 Bb7 10. d4 Nd7 11. Nbd2 exd4 12. cxd4 Re8 13. Nf1 Na5 14. Bc2 Bf6 15. Ng3 g6 16. Rb1 c5 17. Bh6 cxd4 18. Nxd4 Rc8 19. Nf3 Nc4 20. Bb3 Nc5 21. Bxc4 bxc4 22. Qc2 Nd3 23. Re2 d5 24. exd5 Qxd5 25. Rxe8+ Rxe8 26. b3 Ne5 27. Qd1 Qxd1+ 28. Rxd1 Nxf3+ 29. gxf3 Bxf3 30. Rc1 c3 31. Be3 Rd8 32.
Kf1 c2 0-1

[Event "*** SCC Grand Prix: Titled Tuesday Blitz"]
[Site "Chess.com"]
[Date "2020.06.02"]
[Round "2"]
[White "MartinCerveny"]
[Black "abhidabhi"]
[Result "0-1"]
[WhiteElo "2472"]
[BlackElo "2719"]
[TimeControl "180+1"]
[EndTime "10:16:02 PDT"]
[Termination "abhidabhi won by resignation"]

1. d4 Nf6 2. c4 g6 3. Nc3 d5 4. cxd5 Nxd5 5. e4 Nxc3 6. bxc3 Bg7 7. Nf3 c5 8. Rb1 O-O 9. Be2 cxd4 10. cxd4 Qa5+ 11.
Qd2 Qxd2+ 12. Bxd2 b6 13. Rc1 Bb7 14. Bd3 e6 15. Rc7 Ba6 16. Ke2 Bxd3+ 17. Kxd3 Na6 18. Rc2 Rfd8 19. Ke3 Rd7 20. g4 Rad8 21. e5 Bf8 22. Rhc1 Ba3 23. Rb1 Nc7 24. Ng5 Rxd4 25. Rxc7 Rd3+ 26.
Ke2 Rxd2+ 27. Kf3 Bc5 28. Ne4 Rxa2 29. Nxc5 bxc5 30. Rbb7 Rdd2 31. g5 Rxf2+ 32. Ke3 Rae2+ 33. Kd3 Rxe5 34. h4 Kg7 35. Rc8 h6 36. gxh6+ Kxh6 37. Rh8+ Kg7 38. Rbb8 Rf4 39. Rhg8+ Kf6 40. Rb7 Rd4+ 41.
Kc2 Re3 42. Rf8 Rxh4 43. Rbxf7+ Ke5 44. Kd2 Ra3 0-1

[Event "*** SCC Grand Prix: Titled Tuesday Blitz"]
[Site "Chess.com"]
[Date "2020.06.02"]
[Round "2"]
[White "MIJUAREZ"]
[Black "PattyCastillo"]
[Result "1-0"]
[WhiteElo "2344"]
[BlackElo "1906"]
[TimeControl "180+1"]
[EndTime "10:16:02 PDT"]
[Termination "MIJUAREZ won by resignation"]

1. e4 c5 2. Nf3 d6 3. d4 cxd4 4.
Nxd4 Nf6 5. f3 a6 6. c4 e5 7. Nb3 Be6 8. Nc3 Nc6 9. Be3 Be7 10. Be2 O-O 11. Qd2 Rc8 12. O-O Re8 13. Nd5 Bxd5 14. cxd5 Nb8 15. Na5 b6 16. Nc4 Nbd7 17. Qb4 a5 18. Qb5 Qc7 19. Rac1 Qb8 20. Nxb6 Nxb6 21. Bxb6 Rxc1 22. Rxc1 Bd8 23. Rc6 Bxb6+ 24. Qxb6 Qxb6+ 25. Rxb6 Rd8 26. Bb5 Nh5 27. Ra6 Nf4 28. Rxa5 Rb8 29. a4 h5 30. Ra6 Rd8 31. g3 Nh3+ 32. Kg2 Ng5 33. h4 Nh7 34. Rc6 Nf6 35. a5 Kf8 36. a6 Nd7 37. a7 Nc5 38. Rxc5 dxc5 39. Bc6 1-0

[Event "*** SCC Grand Prix: Titled Tuesday Blitz"]
[Site "Chess.com"]
[Date "2020.06.02"]
[Round "2"]
[White "Korchmar_Vasiliy"]
[Black "Indianlad"]
[Result "0-1"]
[WhiteElo "2592"]
[BlackElo "3032"]
[TimeControl "180+1"]
[EndTime "10:16:03 PDT"]
[Termination "Indianlad won on time"]

1. d4 Nf6 2. c4 e6 3. g3 d5 4. Bg2 Be7 5. Nf3 O-O 6. O-O dxc4 7. Ne5 Nbd7 8. Nxc4 Nb6 9. Ne5 c5 10. dxc5 Bxc5 11. Nc3 Nbd5 12. Nxd5 Nxd5 13. Qb3 a5 14. Rd1 a4 15. Qc4 Qb6 16. Nd3 Be7 17. e4 Nf6 18. Be3 Qa5 19. Rac1 Bd7 20. Qc7 Qb5 21. Nc5 Rac8 22.
Rxd7 Nxd7 23. Qxd7 Qxd7 24. Nxd7 Rxc1+ 25. Bxc1 Rd8 0-1

[Event "*** SCC Grand Prix: Titled Tuesday Blitz"]
[Site "Chess.com"]
[Date "2020.06.02"]
[Round "2"]
[White "abykhovsky"]
[Black "Twiceblessed"]
[Result "1-0"]
[WhiteElo "2792"]
[BlackElo "2523"]
[TimeControl "180+1"]
[EndTime "10:16:03 PDT"]
[Termination "abykhovsky won by resignation"]

1. d4 Nf6 2. Nf3 e6 3. c4 d5 4. Nc3 Be7 5. Bg5 h6 6. Bh4 O-O 7. e3 b6 8. Rc1 Bb7 9. Bxf6 Bxf6 10. cxd5 exd5 11. b4 Qd6 12. Qb3 c6 13. Be2 Nd7 14. O-O Rfe8 15. Rfd1 a5 16. b5 c5 17. Qb1 c4 18.
Nd2 Nf8 19. Bf3 Ne6 20. Nxc4 dxc4 21. Bxb7 Ra7 22. Bc6 Rd8 23. Nd5 Bh4 24. g3 Ng5 25. Nxb6 Qe6 26. Nxc4 Rc7 27. Ne5 f6 28. gxh4 fxe5 29.
hxg5 Rxc6 30. bxc6 Qg4+ 31. Kf1 exd4 32. Rxd4 Rxd4 33.
exd4 Qh3+ 34. Ke1 Qxh2 35. Qb3+ Kh8 36. Qe3 1-0

[Event "*** SCC Grand Prix: Titled Tuesday Blitz"]
[Site "Chess.com"]
[Date "2020.06.02"]
[Round "2"]
[White "Cocaino74"]
[Black "evgchess5"]
[Result "0-1"]
[WhiteElo "2331"]
[BlackElo "2845"]
[TimeControl "180+1"]
[EndTime "10:16:03 PDT"]
[Termination "evgchess5 won by resignation"]

1. e4 c5 2. Nf3 e6 3. c4 Nc6 4. Nc3 Nd4 5. Be2 Ne7 6. O-O Nec6 7. Re1 Be7 8. Bf1 O-O 9. g3 d6 10. Bg2 b6 11. d3 Bb7 12. h3 Qd7 13. Kh2 Nxf3+ 14.
Bxf3 Nd4 15. Bg2 f5 16. Be3 Bf6 17. Rb1 Rf7 18. f4 Re8 19. Qd2 g6 20. b4 Bg7 21.
bxc5 dxc5 22. e5 Nf3+ 23. Bxf3 Bxf3 24. Nb5 Bf8 25. d4 cxd4 26. Nxd4 Ba8 27. Red1 Qb7 28.
Nb5 Rd7 29. Qe2 Red8 30. Nd4 Bc5 31. Nxe6 Rxd1 32. Rxd1 Rxd1 0-1

[Event "*** SCC Grand Prix: Titled Tuesday Blitz"]
[Site "Chess.com"]
[Date "2020.06.02"]
[Round "2"]
[White "Dmitry_M1"]
[Black "Iljushin_Alexey"]
[Result "0-1"]
[WhiteElo "2386"]
[BlackElo "2660"]
[TimeControl "180+1"]
[EndTime "10:16:04 PDT"]
[Termination "Iljushin_Alexey won by resignation"]

1. d4 e6 2. c4 f5 3. Nf3 Nf6 4. g3 d5 5. Bg2 c6 6. O-O Bd6 7. b3 Qe7 8. Bb2 b6 9. Ne5 Bb7 10. Nd2 O-O 11. Ndf3 a5 12. a4 Na6 13. Rc1 Nb4 14.
Nd3 Ne4 15. Nxb4 axb4 16. Ne5 Bxe5 17. dxe5 c5 18. f3 Ng5 19. Qd2 Rfd8 20. cxd5 Bxd5 21. Qe3 Nf7 22. Rfd1 h6 23. f4 Bxg2 24. Kxg2 Rxd1 25. Rxd1 Rd8 26. Rxd8+ Nxd8 27. Qd3 Nc6 28. e4 fxe4 29. Qxe4 Qd7 30. Qc4 Na5 31. Qc2 Qd5+ 32. Kf2 Nxb3 33. f5 Qd2+ 34. Qxd2 Nxd2 35. fxe6 Nc4 36. Bc1 b3 37. e7 Kf7 38. Bg5 hxg5 39. e6+ Kxe7 0-1

[Event "*** SCC Grand Prix: Titled Tuesday Blitz"]
[Site "Chess.com"]
[Date "2020.06.02"]
[Round "2"]
[White "I_Hit_18K_on_BS"]
[Black "Violord"]
[Result "0-1"]
[WhiteElo "2107"]
[BlackElo "2603"]
[TimeControl "180+1"]
[EndTime "10:16:04 PDT"]
[Termination "Violord won on time"]

1. e4 c6 2. d4 d5 3. e5 Bf5 4. h4 h6 5. g4 Bd7 6. f4 e6 7. Nf3 h5 8. g5 Ne7 9. Bd3 g6 10. c3 Nf5 11. Bxf5 exf5 12. O-O Na6 13. Re1 Nc7 14. b3 Ne6 15. Ba3 Bxa3 16. Nxa3 Nxf4 17.
c4 O-O 18. Qd2 Ne6 19. Kh2 Qb6 20. c5 Qc7 21. Ng1 b6 22. b4 a5 23. Nc2 axb4 24.
Qxb4 bxc5 25. dxc5 Rfb8 26. Qc3 Ra4 27. Rab1 Rxh4+ 28.
Kg3 Rc4 29. Qd2 Nxc5 30. Rxb8+ Qxb8 31. Nd4 Ne4+ 32. Rxe4 fxe4 33. Nge2 Qxe5+ 34. Kf2 c5 0-1

[Event "*** SCC Grand Prix: Titled Tuesday Blitz"]
[Site "Chess.com"]
[Date "2020.06.02"]
[Round "2"]
[White "Playgood28"]
[Black "econpower"]
[Result "1-0"]
[WhiteElo "2311"]
[BlackElo "2623"]
[TimeControl "180+1"]
[EndTime "10:16:05 PDT"]
[Termination "Playgood28 won by resignation"]

1. d4 d6 2. Nf3 g6 3. Bf4 Bg7 4. c4 Nd7 5. Nc3 e5 6. dxe5 dxe5 7. Bg5 f6 8. Bh4 Ne7 9. e4 O-O 10. Be2 c5 11. O-O Nc6 12. Qd6 Qe7 13. Qxe7 Nxe7 14. Nd5 Nc6 15. a3 a5 16. Nc7 Rb8 17. Nd5 Rf7 18. b4 axb4 19. axb4 cxb4 20. Rfb1 Bf8 21. Bd1 Kg7 22. Bg3 Bc5 23. Ba4 Nf8 24. Bxc6 bxc6 25. Nxe5 fxe5 26. Bxe5+ Kh6 27. Bxb8 cxd5 28.
cxd5 Rxf2 29. Rc1 Rc2+ 30. Kh1 Nd7 31. Rxc2 1-0

[Event "*** SCC Grand Prix: Titled Tuesday Blitz"]
[Site "Chess.com"]
[Date "2020.06.02"]
[Round "2"]
[White "dosto07"]
[Black "bazar-wokzal"]
[Result "0-1"]
[WhiteElo "2107"]
[BlackElo "2391"]
[TimeControl "180+1"]
[EndTime "10:16:05 PDT"]
[Termination "bazar-wokzal won by checkmate"]

1. e4 Nc6 2. Nf3 d5 3. exd5 Qxd5 4. Nc3 Qa5 5. d4 Bg4 6. Bb5 O-O-O 7. Bxc6 bxc6 8. h3 Qh5 9. Qe2 Bxf3 10. gxf3 e6 11.
Qa6+ Kd7 12. Be3 Qxf3 13. Rg1 Bb4 14. a3 Bxc3+ 15. bxc3 Ne7 16. Rb1 Nf5 17. Qe2 Qxh3 18. Rb7 Rb8 19. Rb3 h5 20. c4 Qh2 21. Rf1 h4 22. Qf3 h3 23. d5 cxd5 24. cxd5 Qe5 25.
Rd3 Rb1+ 26. Kd2 Rxf1 27. dxe6+ Kxe6 28. Bf4 Qe1# 0-1

[Event "*** SCC Grand Prix: Titled Tuesday Blitz"]
[Site "Chess.com"]
[Date "2020.06.02"]
[Round "2"]
[White "Gordima"]
[Black "Chessmasterzt"]
[Result "0-1"]
[WhiteElo "2760"]
[BlackElo "2531"]
[TimeControl "180+1"]
[EndTime "10:16:06 PDT"]
[Termination "Chessmasterzt won by resignation"]

1. d4 Nf6 2. c4 e6 3. Nc3 Bb4 4. e3 O-O 5. Bd3 c5 6. Nf3 b6 7. O-O Bb7 8. Na4 cxd4 9. exd4 Re8 10. a3 Bf8 11. Bf4 d6 12. Bg3 Nbd7 13. Re1 Qc7 14.
b4 e5 15. dxe5 Nxe5 16. Nxe5 dxe5 17. Nc3 Rad8 18. Qc2 a5 19. Rab1 axb4 20. axb4 Qc6 21. Bf1 Bd6 22. Bh4 Bb8 23. Rbd1 Rxd1 24. Rxd1 e4 25.
Qe2 Qe6 26. h3 Qe5 0-1

[Event "*** SCC Grand Prix: Titled Tuesday Blitz"]
[Site "Chess.com"]
[Date "2020.06.02"]
[Round "2"]
[White "Boninknights"]
[Black "comsac"]
[Result "1/2-1/2"]
[WhiteElo "2392"]
[BlackElo "2155"]
[TimeControl "180+1"]
[EndTime "10:16:07 PDT"]
[Termination "Game drawn by agreement"]

1. d4 d5 2. Nf3 e6 3. c4 Nf6 4. Nc3 Be7 5. Bg5 O-O 6. e3 h6 7. Bh4 b6 8. Rc1 Bb7 9. Bxf6 Bxf6 10. cxd5 exd5 11. b4 c6 12. Be2 Nd7 13. Qb3 a5 14.
b5 c5 15. Nxd5 cxd4 16. O-O Bxd5 17. Qxd5 Nc5 18. Qxd8 Raxd8 19. exd4 Bxd4 20. Rfd1 Bf6 21. Rxd8 Rxd8 22. Rd1 Rxd1+ 23. Bxd1 Ne4 24. Bb3 Kf8 25. Kf1 Nd6 26. a4 Ne4 27. Ke2 Nc5 28. Bc2 Ke7 29. Nd2 Nd7 30. Bf5 Nc5 31. Bc2 Nd7 32. Bf5 Nc5 1/2-1/2

[Event "*** SCC Grand Prix: Titled Tuesday Blitz"]
[Site "Chess.com"]
[Date "2020.06.02"]
[Round "2"]
[White "saraswathii"]
[Black "canary2016"]
[Result "1-0"]
[WhiteElo "2357"]
[BlackElo "1970"]
[TimeControl "180+1"]
[EndTime "10:16:08 PDT"]
[Termination "saraswathii won by checkmate"]

1. e4 e5 2. d3 Nf6 3. Nf3 Nc6 4. g3 Bc5 5. Bg2 d6 6. O-O O-O 7. c3 Bg4 8. h3 Bxf3 9. Qxf3 Re8 10. Nd2 h6 11. Nb3 Bb6 12. Rd1 Na5 13. Nxa5 Bxa5 14.
a4 a6 15. Be3 c6 16. h4 Bb6 17. Bd2 Qc7 18. Bxh6 gxh6 19. Qxf6 Kh7 20. Bh3 Rh8 21. d4 exd4 22. cxd4 d5 23. exd5 cxd5 24. Rac1 Raf8 25. Rxc7 Bxc7 26. Re1 Bd8 27. Qf5+ Kg8 28. Qxd5 Rh7 29.
Qd7 Rg7 30. Re8 Bxh4 31. Rxf8+ Kxf8 32. Qc8+ Ke7 33. Qxb7+ Kf8 34. Qb8+ Ke7 35. Qe5+ Kf8 36. Qxg7+ Kxg7 37. gxh4 Kf6 38. b4 Ke7 39. Bc8 Kd6 40.
Bxa6 Kd5 41. Bb7+ Kxd4 42. a5 Kc4 43. a6 Kxb4 44. a7 Kc5 45. a8=Q Kd4 46. Qc8 Ke5 47. Qc6 Kf5 48. Qe4+ Kf6 49. Bd5 Kg7 50. Qe7 Kg6 51. Qxf7# 1-0

[Event "*** SCC Grand Prix: Titled Tuesday Blitz"]
[Site "Chess.com"]
[Date "2020.06.02"]
[Round "2"]
[White "deribas12345"]
[Black "GigaQuparadze"]
[Result "1-0"]
[WhiteElo "2560"]
[BlackElo "2832"]
[TimeControl "180+1"]
[EndTime "10:16:09 PDT"]
[Termination "deribas12345 won by resignation"]

1. d4 e6 2. c4 Nf6 3. Nc3 Bb4 4. f3 c5 5. a3 Bxc3+ 6. bxc3 d5 7. e3 O-O 8. Bd3 Nc6 9. cxd5 Nxd5 10. Ne2 b6 11. O-O e5 12. e4 Nf6 13. d5 Na5 14. Bg5 h6 15. Bh4 Qd6 16. c4 g5 17. Bf2 Nh5 18. g3 Ng7 19. Nc3 f5 20. Nb5 Qd8 21. d6 f4 22. gxf4 gxf4 23. Kh1 a6 24. Nc7 Ra7 25.
Rb1 Qxd6 26. Nd5 Rb7 27. Rg1 Kh7 28. Qf1 Rg8 29. Qg2 Nc6 30. Rxb6 Rxb6 31. Bxc5 Bh3 32. Qxh3 Nd4 33. Bxd6 Rxd6 34. c5 Rc6 35. Ne7 Rxc5 36. Nxg8 Kxg8 37. Qxh6 Rc7 38. Bc4+ Kf8 39. Qh8+ Ke7 1-0

[Event "*** SCC Grand Prix: Titled Tuesday Blitz"]
[Site "Chess.com"]
[Date "2020.06.02"]
[Round "2"]
[White "nikitakhoroshev"]
[Black "kasparicy"]
[Result "1-0"]
[WhiteElo "2441"]
[BlackElo "2219"]
[TimeControl "180+1"]
[EndTime "10:16:09 PDT"]
[Termination "nikitakhoroshev won by resignation"]

1. d4 Nf6 2. c4 g6 3. Nc3 d5 4. Nf3 Bg7 5. e3 O-O 6. Qb3 c5 7. cxd5 cxd4 8. Nxd4 Nbd7 9. Be2 Nb6 10. Bf3 Bg4 11. O-O Bxf3 12. Nxf3 Nfxd5 13. Rd1 Bxc3 14. e4 Bg7 15. exd5 Qd6 16. Bg5 Rfd8 17. h3 Rd7 18.
Rd2 Nxd5 19. Bxe7 Qxe7 20. Rxd5 Rxd5 21. Qxd5 Bxb2 22. Rb1 Rd8 23. Qb3 Ba3 24. Qxb7 Rd1+ 25. Kh2 Bd6+ 26. g3 Rxb1 27. Qxb1 Qe2 28. Kg2 Bc5 29.
Qb8+ Kg7 30. Qe5+ Qxe5 31. Nxe5 Kf6 32. Nd7+ 1-0

[Event "*** SCC Grand Prix: Titled Tuesday Blitz"]
[Site "Chess.com"]
[Date "2020.06.02"]
[Round "2"]
[White "David_Paravyan"]
[Black "emperor87"]
[Result "1-0"]
[WhiteElo "2977"]
[BlackElo "2583"]
[TimeControl "180+1"]
[EndTime "10:16:10 PDT"]
[Termination "David_Paravyan won by resignation"]

1. d4 d5 2. c4 e6 3. Nc3 Nf6 4. cxd5 Nxd5 5. e4 Nxc3 6. bxc3 c5 7. Rb1 Be7 8. h4 O-O 9. h5 cxd4 10. cxd4 Nc6 11. Nf3 e5 12. d5 Nd4 13. Nxe5 Bc5 14. Nd3 Bb6 15. Be2 Re8 16. f3 f5 17. e5 Qxd5 18. h6 Qxa2 19. Rb2 Qf7 20. hxg7 Be6 21. Nf4 Bb3 22. Rxb3 Nxb3 23. e6 Rxe6 24. Nxe6 Qxe6 25. Rh6 Qf7 26. Rf6 Rd8 27. Rxf7 Rxd1+ 28. Bxd1 Kxf7 29. Bxb3+ Kxg7 30. Bd5 Bc5 31. Bxb7 1-0

[Event "*** SCC Grand Prix: Titled Tuesday Blitz"]
[Site "Chess.com"]
[Date "2020.06.02"]
[Round "2"]
[White "Agent-JL"]
[Black "GMSrinath"]
[Result "0-1"]
[WhiteElo "2523"]
[BlackElo "2800"]
[TimeControl "180+1"]
[EndTime "10:16:11 PDT"]
[Termination "GMSrinath won on time"]

1. b3 e5 2. Bb2 Nc6 3. e3 Nf6 4. Nf3 e4 5. Nd4 Nxd4 6. Bxd4 d5 7.
c4 c5 8. Bxf6 Qxf6 9. Nc3 d4 10.
exd4 cxd4 11. Nxe4 Qe5 12. Bd3 f5 13. Qh5+ g6 14.
Qg5 Be7 15. Qg3 Qe6 16. f3 fxe4 17. Bxe4 Bd6 18. Qh4 Qe7 19. Qf2 Bf5 20. O-O Bxe4 21.
fxe4 O-O-O 22. d3 Rhf8 23. Qe2 Qg5 24. g3 h5 25. Kg2 h4 26. Rf3 hxg3 27. hxg3 Rxf3 28.
Qxf3 Rf8 0-1

[Event "*** SCC Grand Prix: Titled Tuesday Blitz"]
[Site "Chess.com"]
[Date "2020.06.02"]
[Round "2"]
[White "pfalcon1949"]
[Black "Barmen_EV"]
[Result "0-1"]
[WhiteElo "2011"]
[BlackElo "2363"]
[TimeControl "180+1"]
[EndTime "10:16:12 PDT"]
[Termination "Barmen_EV won by resignation"]

1. d4 d5 2. c4 e6 3. Nc3 Bb4 4.
a3 Bxc3+ 5. bxc3 c5 6. cxd5 exd5 7. e3 Nc6 8. Bd3 Nge7 9. Ne2 Bf5 10. O-O O-O 11. f3 Re8 12. Ng3 Bg6 13. Ra2 Qa5 14.
Bxg6 hxg6 15. Qd3 Qa4 16. Re2 Rad8 17. Bb2 Qb3 18. Qd2 Na5 19. Bc1 Nc4 20. Qe1 Nf5 21. Nxf5 gxf5 22. e4 cxd4 23. cxd4 Qd3 24. Bg5 f6 25.
Be3 fxe4 26. fxe4 Rxe4 27. Rff2 Rde8 0-1

[Event "*** SCC Grand Prix: Titled Tuesday Blitz"]
[Site "Chess.com"]
[Date "2020.06.02"]
[Round "2"]
[White "maximnovik"]
[Black "PetrolulSah"]
[Result "1-0"]
[WhiteElo "2451"]
[BlackElo "2235"]
[TimeControl "180+1"]
[EndTime "10:16:14 PDT"]
[Termination "maximnovik won by resignation"]

1. d4 Nf6 2. Bg5 d5 3. e3 g6 4.
Bxf6 exf6 5. c4 Be6 6. Qb3 Nc6 7. Nc3 Na5 8. Qa4+ c6 9. cxd5 Bxd5 10. Nxd5 Qxd5 11.
Ne2 Nc4 12. Nc3 Nxb2 13. Qc2 Qa5 14. Qxb2 Bb4 15. Rc1 c5 16. d5 O-O-O 17. Bc4 Ba3 18. Qc2 Bxc1 19. Qxc1 a6 20. O-O b5 21. Be2 f5 22. Rd1 Rd6 23. a4 c4 24. axb5 axb5 25.
g3 Kc7 26. Bf3 Ra8 27. Kg2 b4 28. Ne2 c3 29. Nd4 Qc5 30. Qc2 Ra3 31. Rb1 Rb6 32.
Nb3 Qd6 33. Qd3 Qc5 34. Nxc5 1-0

[Event "*** SCC Grand Prix: Titled Tuesday Blitz"]
[Site "Chess.com"]
[Date "2020.06.02"]
[Round "2"]
[White "sotochess"]
[Black "yamalchess"]
[Result "0-1"]
[WhiteElo "2235"]
[BlackElo "2452"]
[TimeControl "180+1"]
[EndTime "10:16:15 PDT"]
[Termination "yamalchess won by resignation"]

1. e4 e5 2. Nf3 Nc6 3. Bc4 Nf6 4.
Ng5 Nxe4 5. Bxf7+ Ke7 6. d3 Nf6 7. Bb3 d5 8. O-O h6 9. Nf3 Bg4 10. h3 Bh5 11. Re1 Kf7 12. g4 Bg6 13. Nxe5+ Nxe5 14. Rxe5 Bd6 15. Re3 Rf8 16. c4 Kg8 17. cxd5 Kh8 18.
Nc3 Nh7 19. Ne4 Qh4 20. Qe2 Bxe4 21. dxe4 Bc5 22. Kg2 Ng5 23. Bd2 Bxe3 24. Qxe3 Rf3 25. Qxf3 Nxf3 26. Kxf3 Rf8+ 0-1

[Event "*** SCC Grand Prix: Titled Tuesday Blitz"]
[Site "Chess.com"]
[Date "2020.06.02"]
[Round "2"]
[White "neurisdr"]
[Black "hermionegrangermagic"]
[Result "1-0"]
[WhiteElo "2770"]
[BlackElo "2510"]
[TimeControl "180+1"]
[EndTime "10:16:16 PDT"]
[Termination "neurisdr won by checkmate"]

1. e4 c5 2. Nf3 Nc6 3. Bb5 d6 4.
O-O Bd7 5. Re1 Nf6 6. c3 a6 7. Ba4 b5 8. Bc2 e5 9. h3 Be7 10. d4 O-O 11. d5 Na7 12. Nbd2 Nc8 13. Nf1 Nb6 14. b3 Qc7 15. N3h2 a5 16. g4 a4 17. b4 Nc4 18. Ng3 g6 19. a3 Ne8 20.
Bh6 Ng7 21. Kh1 Qd8 22. Nf3 Bh4 23. Rg1 Re8 24. Qe2 Rc8 25. Nf5 gxf5 26. gxf5 Bf6 27. Rxg7+ Bxg7 28. Rg1 f6 29. Bxg7 Kf7 30. Nh4 Rg8 31.
Qh5+ Ke7 32. Qh6 Rf8 33. Qxh7 Rf7 34. Ng6+ Ke8 35. Qg8+ Rf8 36. Qxf8# 1-0

[Event "*** SCC Grand Prix: Titled Tuesday Blitz"]
[Site "Chess.com"]
[Date "2020.06.02"]
[Round "2"]
[White "Hrant_ChessMood"]
[Black "konradrutkowski"]
[Result "1-0"]
[WhiteElo "2933"]
[BlackElo "2334"]
[TimeControl "180+1"]
[EndTime "10:16:16 PDT"]
[Termination "Hrant_ChessMood won by resignation"]

1. e4 e5 2. Nf3 Nc6 3. Bc4 Nf6 4. Ng5 d5 5. exd5 Na5 6. Bb5+ c6 7. dxc6 bxc6 8.
Bd3 Nd5 9. Nf3 Bd6 10. O-O O-O 11. Re1 f5 12. Nxe5 Qf6 13. Nf3 g5 14. c4 Nf4 15.
Bf1 g4 16. d4 gxf3 17. Qxf3 Ng6 18. c5 Bc7 19. b4 Nb7 20. Bc4+ Kg7 21. Bb2 h6 22. Nd2 Bd7 23. Rab1 Kh7 24. d5 Be5 25. Rxe5 Nxe5 26. Bxe5 Qxe5 27. dxc6 Nxc5 28. bxc5 Be6 29. Rb7+ Kh8 30. Bxe6 Qxe6 31. Qc3+ Rf6 32. Nf1 Rf8 33. c7 Qc6 34. Rb8 Kg7 35. Rxf8 Kxf8 36. c8=Q+ Qxc8 37. Qxf6+ 1-0

[Event "*** SCC Grand Prix: Titled Tuesday Blitz"]
[Site "Chess.com"]
[Date "2020.06.02"]
[Round "2"]
[White "1Przemyslaw1"]
[Black "Arjun2002"]
[Result "0-1"]
[WhiteElo "2307"]
[BlackElo "2642"]
[TimeControl "180+1"]
[EndTime "10:16:16 PDT"]
[Termination "Arjun2002 won on time"]

1. d4 d5 2. c4 c6 3. cxd5 cxd5 4. Nc3 Nf6 5. Bf4 Nc6 6. e3 Bg4 7. Qb3 Na5 8. Qa4+ Bd7 9. Qc2 e6 10. Bd3 Nc6 11. a3 Nh5 12. Bg3 Nxg3 13. hxg3 g6 14.
f4 Bg7 15. Nf3 O-O 16. g4 Rc8 17. g5 a6 18. Qf2 f5 19. Qh4 Kf7 20. Qf2 Rh8 21. Rc1 b5 22. O-O Qe7 23. Ne2 Na5 24. Ne5+ Bxe5 25. dxe5 Nb3 26. Rc3 Rxc3 27. Nxc3 b4 28.
Nb1 Nc5 29. Bc2 Rb8 30. Qd2 bxa3 31. bxa3 Bb5 32. Rc1 Bc4 33. Qa5 Qa7 34. Kf2 Rb2 0-1

[Event "*** SCC Grand Prix: Titled Tuesday Blitz"]
[Site "Chess.com"]
[Date "2020.06.02"]
[Round "2"]
[White "reniite"]
[Black "rakshi2005"]
[Result "0-1"]
[WhiteElo "1815"]
[BlackElo "2339"]
[TimeControl "180+1"]
[EndTime "10:16:16 PDT"]
[Termination "rakshi2005 won by resignation"]

1. e4 e5 2. Nf3 Nc6 3. Nc3 Nf6 4.
Bb5 Bb4 5. O-O Bxc3 6. dxc3 d6 7. Bd3 O-O 8. Bg5 Ne7 9. Bxf6 gxf6 10. Nh4 Ng6 11. Qh5 Kh8 12. g3 Rg8 13. f4 exf4 14.
Nf5 fxg3 15. Nxg3 Ne5 16. Be2 Rg7 17. Rf4 Qg8 18. Kg2 Rg5 19. Qh6 Rg6 20. Qh4 Qg7 21. Raf1 Rh6 22. Rxf6 Rxh4 0-1

[Event "*** SCC Grand Prix: Titled Tuesday Blitz"]
[Site "Chess.com"]
[Date "2020.06.02"]
[Round "2"]
[White "goofypenguin96"]
[Black "Unknown_IM"]
[Result "1-0"]
[WhiteElo "2222"]
[BlackElo "2510"]
[TimeControl "180+1"]
[EndTime "10:16:17 PDT"]
[Termination "goofypenguin96 won on time"]

1. g3 Nf6 2. Bg2 e6 3. Nf3 b6 4. d4 Bb7 5. O-O c5 6. c3 Be7 7. Bg5 O-O 8. Nbd2 d6 9. Re1 Nbd7 10. e4 h6 11. Bxf6 Nxf6 12. Qe2 Qc7 13. Rad1 Rfd8 14. h4 a6 15. Nh2 b5 16. d5 Bf8 17. Ndf1 exd5 18. exd5 Re8 19. Qd2 c4 20. Ne3 Ne4 21. Qc2 Nc5 22. Bf1 g6 23. h5 gxh5 24. Nf3 Ne4 25. Nh4 Re5 26. Bg2 Rae8 27. f4 1-0

[Event "*** SCC Grand Prix: Titled Tuesday Blitz"]
[Site "Chess.com"]
[Date "2020.06.02"]
[Round "2"]
[White "NZT72"]
[Black "CMS13"]
[Result "0-1"]
[WhiteElo "2420"]
[BlackElo "2222"]
[TimeControl "180+1"]
[EndTime "10:16:19 PDT"]
[Termination "CMS13 won by resignation"]

1. c4 e5 2. g3 Nc6 3. Bg2 Bc5 4. Nc3 a6 5. e3 Ba7 6. Nge2 d6 7. O-O Nge7 8. d4 f6 9. b4 O-O 10. c5 Nxb4 11. Qb3+ Kh8 12. Qxb4 dxc5 13. dxc5 Nc6 14. Qc4 Qe8 15. Nd5 Be6 16. Qc3 Qf7 17. e4 f5 18. f3 Bxd5 19. exd5 Qxd5 20. Be3 Rae8 21. Rfd1 Qf7 22. Qb3 Qe7 23. Rac1 f4 24. Bf2 Na5 25. Qc3 Nc6 26. Qb3 Na5 27. Qc2 Nc6 28. Qe4 Qf7 29. Qd5 Qe7 30. Rd2 Rd8 0-1

[Event "*** SCC Grand Prix: Titled Tuesday Blitz"]
[Site "Chess.com"]
[Date "2020.06.02"]
[Round "2"]
[White "Omk124"]
[Black "FeketeBarika"]
[Result "1-0"]
[WhiteElo "2446"]
[BlackElo "2226"]
[TimeControl "180+1"]
[EndTime "10:16:20 PDT"]
[Termination "Omk124 won by resignation"]

1. e4 e6 2. d4 d5 3. Nd2 Be7 4.
c3 c5 5. exd5 Qxd5 6. Ngf3 Nd7 7.
Bc4 Qh5 8. O-O Ngf6 9. Qb3 O-O 10. Re1 cxd4 11. Nxd4 a6 12. N2f3 e5 13. Ne2 Nc5 14.
Qb6 Bg4 15. Ng3 Qg6 16. Nxe5 Qc2 17. Nxg4 Nxg4 18. Rxe7 Qxf2+ 19. Kh1 Rae8 20. Bg5 Rxe7 21. Bxe7 Ne4 22. Qxf2 Nexf2+ 23. Kg1 Re8 24. Bc5 Ne4 25. Nxe4 Rxe4 26. Bd4 b5 27. Bd3 Re8 28. h3 Nh6 29. Kf2 g6 30. Re1 Rd8 31. Kf1 Rc8 32. Re7 Rf8 33. Ra7 a5 34. Rxa5 1-0